 Dungeon Crawl Stone Soup version 0.29.0-11-gd7f09526c8 (webtiles) character file.

Game seed: 3852107043225885852

3861 NinjaNoafa the Transmogrifier (level 9, -10/82 HPs)
             Began as a Black Draconian Transmuter on Sept 3, 2022.
             Was an Initiate of Makhleb.
             Mangled by an orc warrior
             ... wielding a +0 scimitar
              (24 damage)
             ... on level 7 of the Dungeon.
             The game lasted 00:30:58 (8373 turns).

NinjaNoafa the Transmogrifier (DrTm)                Turns: 8373, Time: 00:30:59

Health: -10/82     AC:  8    Str: 13    XL:     9   Next: 99%
Magic:  10/15      EV: 10    Int: 18    God:    Makhleb [......]
Gold:   370        SH:  5    Dex: 11    Spells: 5/16 levels left

rFire   x . .      SeeInvis .     - Unarmed
rCold   + + +      Faith    .   (shield currently unavailable)
rNeg    . . .      Spirit   .   (body armour unavailable)
rPois   +          Reflect  +   (helmet currently unavailable)
rElec   .          Harm     .   (cloak currently unavailable)
rCorr   .          Rampage  .   (gloves currently unavailable)
Will    .....      Clarity  +   (boots currently unavailable)
Stlth   ++........              l - amulet of reflection
HPRegen 0.23/turn               (no ring)
MPRegen 0.14/turn               (no ring)

@: ice-form, wereblooded
A: freezing attack, amphibious, boosted hp, (breathe lightning), AC +7, large,
unfitting armour, (electricity resistance), (cold-blooded), (stinger 1), clarity
a: End Transformation, Renounce Religion


You were on level 7 of the Dungeon.
You worshipped Makhleb.
Makhleb was noncommittal.
You were a creature of crystalline ice.
You visited 2 branches of the dungeon, and saw 8 of its levels.
You also visited: Sewer.

You collected 520 gold pieces.
You paid 150 gold pieces to Gozag.

Inventory:

Hand Weapons
 i - the +9 dagger "Igguus" (melded) {freeze, Fragile rElec rF+ Dex+4}
   (You found it on level 3 of the Dungeon)

   It freezes those it strikes, dealing additional cold damage.
   It can also slow down cold-blooded creatures.
   Dex:       It affects your dexterity (+4).
   rF:        It protects you from fire.
   rElec:     It insulates you from electricity.
   Fragile:   It will be destroyed if unequipped.
Missiles
 b - 86 stones
 h - 6 boomerangs
 q - a curare-tipped dart
 u - 6 poisoned darts
 y - a silver boomerang
Armour
 f - a +0 cloak of willpower (melded)
Jewellery
 k - an amulet of regeneration
 l - an amulet of reflection (around neck)
 v - a ring of fire
Wands
 x - a wand of flame (3)
Scrolls
 g - a scroll of fear
 j - a scroll of amnesia
 n - 2 scrolls of magic mapping
 o - 7 scrolls of teleportation
 p - a scroll of fog
Potions
 a - a potion of magic
 c - 4 potions of flight
 d - a potion of degeneration
 e - a potion of cancellation
 m - a potion of attraction
 r - 2 potions of invisibility
 s - a potion of mutation
 z - 2 potions of heal wounds


   Skills:
 - Level 3.0 Fighting
 - Level 2.0 Short Blades
 - Level 3.0 Dodging
 - Level 3.0 Stealth
 - Level 3.0 Unarmed Combat
 - Level 4.0 Spellcasting
 - Level 3.0 Hexes
 - Level 9.0 Transmutations
 + Level 7.3 Ice Magic
 - Level 4.0 Evocations


You had 5 spell levels left.
You knew the following spells:

 Your Spells              Type           Power      Damage    Failure   Level
a - Beastly Appendage     Tmut           72%        N/A       1%          1
b - Wereblood             Tmut           36%        N/A       1%          2
c - Passwall              Tmut/Erth      15%        N/A       3%          2
d - Ensorcelled Hibernat  Hex/Ice        44%        N/A       2%          2
e - Ice Form              Ice/Tmut       33%        N/A       4%          4

Your spell library contained the following spells:

 Spells                   Type           Power      Damage    Failure   Level
 Spider Form              Tmut/Pois      19%        N/A       7%          3
 Apportation              Tloc           6%         N/A       14%         1
 Necrotise                Necr           12%        1d4       14%         1
 Shock                    Conj/Air       12%        1d3       14%         1
 Summon Small Mammal      Summ           12%        N/A       14%         1
 Blink                    Tloc           6%         N/A       22%         2
 Poisonous Vapours        Pois/Air       6%         N/A       22%         2
 Lesser Beckoning         Tloc           3%         N/A       41%         3
 Swiftness                Air            3%         N/A       41%         3
 Anguish                  Hex/Necr       4%         N/A       61%         4
 Airstrike                Air            1%         2d(1-17)  82%         4
 Corpse Rot               Necr/Pois/Air  3%         N/A       82%         4
 Manifold Assault         Tloc           3%         N/A       99%         5
 Enfeeble                 Hex            7%         N/A       100%        7


Dungeon Overview and Level Annotations

Branches:
Dungeon (7/15)             Temple (1/1) D:6           Sewer (visited)

Altars:
Ashenzari
Dithmenos
Elyvilon
Fedhas
Gozag
Hepliaklqana
Kikubaaqudgha
Makhleb
Nemelex Xobeh
Okawaru
Ru
Sif Muna
Trog
Uskayaw
Vehumet
Wu Jian
Xom
Yredelemnul
Zin
The Shining One

Shops:
D:1 !


Innate Abilities, Weirdness & Mutations

You are a creature of crystalline ice.
You have a powerful freezing melee attack.
You are amphibious.
Your maximum health is increased.
Your armour is entirely melded.
You are incapable of wielding weapons or throwing items.
((You can breathe wild blasts of lightning.))
((Your glossy black scales are hard. (AC +7)))
You cannot fit into any form of body armour.
((You are resistant to electric shocks. (rElec)))
((You are cold-blooded and may be slowed by cold attacks.))
((Your tail ends in a venomous barb.))
You possess an exceptional clarity of mind.


Message History

An orc comes into view. It is wielding a +0 club.
The orc shouts!
The orc misses you.
Casting: Wereblood (safe; 1% risk of failure)
Confirm with . or Enter, or press ? or * to list all spells.
You turn into a creature of crystalline ice.
The +9 dagger "Igguus" {freeze, Fragile rElec rF+ Dex+4} melds into your body.
Your +0 cloak of willpower melds into your body.
The +9 dagger "Igguus" {freeze, Fragile rElec rF+ Dex+4} stops glowing.
You feel less strong-willed.
Casting: Ice Form (dangerous; 4% risk of failure)
Confirm with . or Enter, or press ? or * to list all spells.
Your blood is infused with primal strength.
You block the orc warrior's attack.
Casting: Wereblood (safe; 1% risk of failure)
Confirm with . or Enter, or press ? or * to list all spells.
You can't see any susceptible monsters within range! (Use Z to cast anyway.)
You hit the orc warrior. You freeze the orc warrior.
The orc warrior is lightly wounded.
You block the orc warrior's attack.
The orc warrior hits you with a +0 scimitar!!
You hit the orc warrior but do no damage.
The orc warrior is lightly wounded.
You block the orc warrior's attack.
You barely miss the orc warrior.
The orc warrior is lightly wounded.
The orc warrior hits you with a +0 scimitar!
You block the orc warrior's attack.
You hit the orc warrior. You freeze the orc warrior.
The orc warrior is lightly wounded.
You block the orc warrior's attack.
You hit the orc warrior. You freeze the orc warrior.
The orc warrior is moderately wounded.
The orc warrior hits you with a +0 scimitar!!
* * * LOW HITPOINT WARNING * * *
You punch the orc warrior! You freeze the orc warrior.
The orc warrior is heavily wounded.
The orc warrior completely misses you.
The orc warrior hits you with a +0 scimitar!!
You die...

#.## #...
###+###...
##..#..##..##
##..#.#..##..#
##..#...#..##.#
#..#..#..#..#.###
#.#..#.#..#.#...#
+#..#.).#..#'.#Y#
#.#..#)#..#.#.#o#
#..#..#..#..#.#o#
##..#...#..##.#o#
##..#.#..##..#o#
##..#..##..##o#
###'###..# #..
##...##.# ##.
#.#.#.#.#


You could see an orc warrior (berserk, incited) and 4 orcs.

Vanquished Creatures
  The ghost of videwesjr the Conjurer, a novice HuCj of Vehumet (D:6)
  Pikel (D:6)
  Grinder (D:4)
  A steam dragon (D:6)
  Edmund (D:4)
  A water moccasin (D:6)
  Duvessa (D:5)
  A black bear (D:6)
  An ice beast (D:5)
  An ogre (D:4)
  2 sky beasts
  4 centaurs
  3 lemures (D:6)
  A phantom (D:6)
  A kobold brigand (D:7)
  A gnoll sergeant (D:5)
  6 scorpions
  A bullfrog (D:6)
  A wight (D:7)
  Dowan (D:5)
  A killer bee (D:7)
  A howler monkey (D:6)
  5 orc priests
  A gnoll bouda (D:6)
  2 hounds
  3 iguanas
  2 orc wizards
  A merfolk avatar (Sewer)
  A merfolk siren (Sewer)
  10 adders
  7 gnolls
  3 river rats (Sewer)
  2 white imps
  6 worms
  3 dart slugs
  13 orcs
  4 bats
  An endoplasm (D:3)
  3 giant cockroaches
  7 goblins
  7 hobgoblins
  2 jackals (D:2)
  4 quokkas
  9 ball pythons
  8 frilled lizards
  12 kobolds
  24 rats
173 creatures vanquished.

Notes
Turn   | Place    | Note
-------+----------+-------------------------------------------
     0 | D:1      | NinjaNoafa the Draconian Transmuter began the quest for the
                  | Orb.
     0 | D:1      | Reached XP level 1. HP: 16/16 MP: 3/3
    58 | D:1      | Found Yttypiuh's Distillery.
   342 | D:1      | Noticed a golden eye
   344 | D:1      | Found a faded altar of an unknown god.
   346 | D:1      | Noticed a great orb of eyes
   346 | D:1      | Noticed a floating eye
   346 | D:1      | Noticed a great orb of eyes
   357 | D:1      | Reached XP level 2. HP: 23/23 MP: 3/5
   407 | D:1      | Reached skill level 3 in Transmutations
  1145 | D:2      | Reached XP level 3. HP: 14/28 MP: 4/6
  1247 | D:2      | Reached skill level 4 in Transmutations
  1526 | D:2      | Reached XP level 4. HP: 32/35 MP: 7/7
  1741 | D:3      | Learned a level 2 spell: Wereblood
  1810 | D:3      | Identified the +9 dagger "Igguus" {freeze, Fragile rElec
                  | rF+ Dex+4}
  2017 | D:3      | Found a sparkling altar of Nemelex Xobeh.
  2196 | D:3      | Reached skill level 5 in Transmutations
  2307 | D:3      | Found a glowing drain.
  2316 | Sewer    | Entered a sewer
  2427 | Sewer    | Reached XP level 5. HP: 40/40 MP: 8/8
  2734 | Sewer    | Reached skill level 1 in Ice Magic
  3525 | D:4      | Noticed Grinder
  3540 | D:4      | Killed Grinder
  3541 | D:4      | Reached XP level 6. HP: 29/47 MP: 7/10
  3743 | D:4      | Reached skill level 5 in Ice Magic
  3743 | D:4      | Your scales start taking on a glossy black colour.
  3743 | D:4      | Reached XP level 7. HP: 52/52 MP: 9/11
  3743 | D:4      | Gained mutation: You are resistant to electric shocks.
                  | (rElec) [Black Draconian growth]
  4210 | D:4      | Noticed Edmund
  4227 | D:4      | Killed Edmund
  4228 | D:4      | Reached skill level 6 in Transmutations
  4722 | D:5      | Entered Level 5 of the Dungeon
  5287 | D:5      | Noticed Dowan
  5288 | D:5      | Noticed Duvessa
  5300 | D:5      | Killed Duvessa
  5301 | D:5      | Reached skill level 7 in Transmutations
  5310 | D:5      | Killed Dowan
  5311 | D:5      | Reached skill level 1 in Evocations
  5523 | D:5      | Reached XP level 8. HP: 59/59 MP: 11/13
  5721 | D:5      | HP: 2/59 [gnoll sergeant/sling bullet (5)]
  6341 | D:5      | Learned a level 2 spell: Passwall
  6344 | D:5      | Learned a level 2 spell: Ensorcelled Hibernation
  6386 | D:6      | Reached skill level 1 in Stealth
  6752 | D:6      | Reached skill level 1 in Short Blades
  6773 | D:6      | Noticed Pikel
  6789 | D:6      | Reached skill level 1 in Hexes
  6789 | D:6      | Reached XP level 9. HP: 31/69 MP: 15/15
  6796 | D:6      | Found a staircase to the Ecumenical Temple.
  6833 | D:6      | Noticed videwesjr's ghost (novice HuCj)
  6835 | D:6      | Found a runed translucent door.
  6853 | Temple   | Entered the Ecumenical Temple
  7203 | Temple   | Became a worshipper of Gozag Ym Sagoz the Greedy
  7243 | D:6      | Killed Pikel
  7497 | D:6      | Found a burning altar of Makhleb.
  7497 | D:6      | Found a sacrificial altar of Ru.
  7514 | D:6      | Fell from the grace of Gozag
  7514 | D:6      | Became a worshipper of Makhleb the Destroyer
  7632 | D:6      | Gained mutation: You possess an exceptional clarity of
                  | mind. [potion of mutation]
  7632 | D:6      | Gained mutation: Your tail ends in a venomous barb. [potion
                  | of mutation]
  7648 | D:6      | Killed videwesjr's ghost
  7649 | D:6      | Reached skill level 8 in Transmutations
  7968 | D:7      | Learned a level 4 spell: Ice Form
  8146 | D:7      | Reached skill level 9 in Transmutations
  8373 | D:7      | Mangled by an orc warrior

Illustrated notes

Levels and vault maps discovered:
D:1:      dpeg_arrival_long_road, layout_basic, serial_shops, shop,
          hellmonk_ecumenical_altar_watching_god, kennysheep_crisscross
D:2:      layout_basic, patterned_corridor
D:3:      layout_loops_ring, nemelex_diamond_rough_becter,
          cheibrodos_sewer_entry_bend, chequers_serial_rivers_room_a
D:4:      layout_loops_corners, uniq_edmund, uniq_grinder
D:5:      layout_loops_ring, uniq_duvessa
D:6:      layout_rooms, amethyst_overflow_temple_binary,
          minmay_temple_entry_sparse_star, hellmonk_ghost_happy_afterlife,
          uniq_pikel
D:7:      minmay_the_grid_octo_tiled_squarecenter [minmay_the_grid_octo_focus,
          minmay_the_grid_octo_teeth, minmay_the_grid_octo_odd_swirl,
          minmay_the_grid_octo_thin_diamonds,
          minmay_the_grid_square_5x5_megaprize_crossed,
          minmay_the_grid_square_5x5_bridge, minmay_the_grid_square_5x5_minimal,
          minmay_the_grid_square_5x5_minibox, minmay_the_grid_square_5x5_v],
          layout_loops_ring
Temple:   nicolae_temple_bog_church

Skill      XL: |  1  2  3  4  5  6  7  8  9 |
---------------+----------------------------+-----
Transmutations | 3 4 5 7 9 |  9.0
Spellcasting   | 3 4 |  4.0
Ice Magic      | 4 5 7 |  7.3
Evocations     | 1 4 |  4.0
Dodging        | 3 |  3.0
Fighting       | 3 |  3.0
Stealth        | 3 |  3.0
Short Blades   | 1 2 |  2.0
Hexes          | 1 3 |  3.0
Unarmed Combat | |  3.0

Action                   |  1- 3 |  4- 6 |  7- 9 || total
-------------------------+-------+-------+-------++-------
Melee: Unarmed           |    17 |       |    52 ||    69
       Dagger            |    78 |   134 |   181 ||   393
       Kick              |    14 |    25 |    37 ||    76
       Headbutt          |    12 |    10 |    24 ||    46
       Tailslap          |     4 |    13 |    27 ||    44
       Punch             |     1 |     3 |     6 ||    10
Throw: Boomerang         |       |       |     7 ||     7
 Cast: Beastly Appendage |    23 |    20 |    20 ||    63
       Wereblood         |       |     7 |     9 ||    16
       Ensorcelled Hiber |       |       |     8 ||     8
       Passwall          |       |       |     1 ||     1
       Ice Form          |       |       |     4 ||     4
 Abil: Breathe Lightning |       |       |     8 ||     8
Evoke: Wand              |       |       |    16 ||    16
  Use: Scroll            |       |     7 |     8 ||    15
       Potion            |       |     1 |    13 ||    14
 Stab: Sleeping          |       |     1 |     8 ||     9
       Invisible         |       |       |     3 ||     3
Armor: Skin              |    36 |    50 |    86 ||   172
Dodge: Dodged            |    75 |    82 |   166 ||   323
Block: Other             |       |    25 |    77 ||   102
       Reflection        |       |       |     8 ||     8
